Unix NetHack Version 5.0.0-0 post-release - last build May 23 2026 06:08:33 (1c0ff79ee797540d5714e4e18072db0edd9e58ae,branch:main).

Game began 2026-05-25 17:15:02, ended 2026-05-25 17:31:24.

Atomicjoy, chaotic male elven Wizard

                   ------                          ---- ----   ----
           ----    |....|                          |..---..-- --..|
          --..|    |)|..--##-#-#----  -----       --...|....---...|       |
          |...------.|-..)#.....##.#---...--      |...............--     .---
           -....|....|--...[#..............--------................-----....--
 -------  --......---- --.-#|........................................|.......|
--..|..|  |.....^--     --- --...-.........-----...................).......-
|......----.....--           |....--.--....|   #.^..............f. .@....---
|....*..........---          ----.|---|....|  #---....--.--........>).----
--................|              .|   |...--     --.*.|---|...........|
 --...<.....--....-               -   --..#       --.(-   --...|^...G.-
  |..`......-|.....|                   ----        |...-   ------.......
  |.|........|-....|                               |....        --........    -
 --.|........----.--                               --..--        -...........
--..|......)...- .|                                 |..|          ...........-
|..---............|                                 ----         ............|
|..| --..........--                                              -.|.--......|
----  --.........|                                               ----- .....--
       --..---..--                                                      ....|
        ----  ---                                                       .----
                                                                        --
Atomicjoy the Evoker      St:11 Dx:16 Co:10 In:18 Wi:11 Ch:11  Chaotic
Dlvl:4  $:408 HP:0(15) Pw:4(8) AC:8  Xp:1/11 T:1833  Burdened

Latest messages:
 The housecat misses Nestorix's ghost.
 The housecat misses Nestorix's ghost.
 The housecat misses Nestorix's ghost.
 You miss the giant rat.
 The housecat misses Nestorix's ghost.
 The giant rat bites!
 You miss the giant rat.
 The housecat misses Nestorix's ghost.
 The housecat misses Nestorix's ghost.
 In what direction? 4
 The spell hits the giant rat!
 You kill the giant rat!
 The housecat misses Nestorix's ghost.
 The housecat misses Nestorix's ghost.
 The housecat misses Nestorix's ghost.
 The housecat misses Nestorix's ghost.
 The housecat misses Nestorix's ghost.
 The housecat misses Nestorix's ghost.
 The housecat misses Nestorix's ghost.
 The housecat misses Nestorix's ghost.
 The housecat misses Nestorix's ghost.
 The housecat misses Nestorix's ghost.
 The housecat misses Nestorix's ghost.
 The housecat misses Nestorix's ghost.
 The housecat misses Nestorix's ghost.
 The housecat misses Nestorix's ghost.
 The housecat misses Nestorix's ghost.
 The housecat misses Nestorix's ghost.
 The housecat misses Nestorix's ghost.
 The housecat misses Nestorix's ghost.
 The housecat misses Nestorix's ghost.
 The housecat misses Nestorix's ghost.
 The housecat misses Nestorix's ghost.
 The housecat misses Nestorix's ghost.
 The housecat misses Nestorix's ghost.
 The housecat misses Nestorix's ghost.
 The housecat misses Nestorix's ghost.
 The gnome shoots 2 crossbow bolts!
 The 1st crossbow bolt misses you.
 The 2nd crossbow bolt misses you.
 The housecat misses Nestorix's ghost.
 The gnome shoots 2 crossbow bolts!
 You are hit by the 1st crossbow bolt.
 You are hit by the 2nd crossbow bolt!
 The housecat misses Nestorix's ghost.
 The gnome shoots 2 crossbow bolts!
 You are hit by the 1st crossbow bolt.
 You are hit by the 2nd crossbow bolt!
 You die...
 Do you want your possessions identified? [ynq] (y) q

Inventory:
 Coins    ('$')
  $ - 408 gold pieces
 Amulets  ('"')
  B - a cursed amulet of restful sleep
 Weapons  (')')
  z - 6 +0 arrows
  a - a blessed +1 quarterstaff (weapon in hands)
 Armor    ('[')
  v - an uncursed +0 orcish helm (being worn)
  b - an uncursed +0 cloak of magic resistance (being worn)
  C - a cursed +0 Hawaiian shirt with a water nymph motif
 Comestibles  ('%')
  r - an uncursed slime mold
  D - a cursed slime mold
  s - an uncursed food ration
  N - 7 cursed food rations
  E - a cursed sprig of wolfsbane
  F - 4 cursed tripe rations
  Q - an uncursed lichen corpse
 Scrolls  ('?')
  k - 2 uncursed scrolls of create monster
  q - an uncursed scroll of identify
  G - a cursed scroll of identify
  M - an uncursed scroll of light
  I - 4 cursed scrolls of magic mapping
  j - an uncursed scroll of punishment
  H - a cursed scroll of remove curse
  U - an uncursed scroll of scare monster
  T - an uncursed scroll of taming
  i - an uncursed scroll of teleportation
 Spellbooks  ('+')
  m - an uncursed spellbook of detect food
  l - a blessed spellbook of force bolt
  J - a cursed spellbook of healing
 Potions  ('!')
  V - an uncursed potion of confusion
  R - a cursed potion of confusion
  K - 2 cursed potions of extra healing
  g - an uncursed potion of gain energy
  h - an uncursed potion of gain level
  f - a blessed potion of oil
 Rings    ('=')
  e - an uncursed ring of cold resistance
  d - an uncursed ring of regeneration
 Wands    ('/')
  w - a wand of make invisible (0:5)
  c - a wand of polymorph (0:5)
 Tools    ('(')
  p - an uncursed wooden flute
  o - an uncursed blindfold
  L - a cursed credit card
  n - a magic marker (0:21)
 Gems/Stones  ('*')
  O - an uncursed chrysoberyl stone
  A - an uncursed worthless piece of blue glass
  x - a cursed worthless piece of blue glass
  S - an uncursed worthless piece of white glass
  P - an uncursed worthless piece of yellowish brown glass

Atomicjoy the Wizard's attributes:

Background:
 You were an Evoker, a level 1 male elven Wizard.
 You were chaotic, on a mission for Anhur
 who was opposed by Ptah (lawful) and Thoth (neutral).
 You were right-handed.
 You were in the Gnomish Mines, on level 4.
 You entered the dungeon 1833 turns ago.
 You had 11 experience points, 9 more were needed to attain level 2.

Basics:
 You had 0 out of 15 hit points.
 You had 4 out of 8 energy points (spell power).
 Your armor class was 8.
 Your wallet contained 408 zorkmids.
 Autopickup was off.

Final Characteristics:
 Your strength was 11 (limit:18).
 Your dexterity was 16 (limit:18).
 Your constitution was 10 (limit:16).
 Your intelligence was 18 (limit:20).
 Your wisdom was 11 (limit:20).
 Your charisma was 11 (limit:18).

Final Status:
 You weren't hungry.
 You were burdened; movement was slightly slowed.
 You were wielding a quarterstaff.
 You had basic skill with quarterstaff.

Final Attributes:
 You were devoutly aligned.
 You were magic-protected.
 You had infravision.
 You were warded.
 You are dead.

Miscellaneous:
 You encountered 1 bones level.
 Total elapsed playing time was 16 minutes and 21 seconds.

Major events:
 Turn
    1: Atomicjoy the chaotic male elven Wizard entered the dungeon
 1019: entered the Gnomish Mines
 1833: killed by a crossbow bolt

Spells:
 Name                 Level Category     Fail Retention
 force bolt             1   attack         0%  91%-100%
 detect food            2   divination    65%  76%-100%

Skills:
 Fighting Skills
   bare handed combat [Unskilled]
   riding             [Unskilled]
 Weapon Skills
   dagger             [Unskilled]
   knife              [Unskilled]
   axe                [Unskilled]
   short sword        [Unskilled]
   club               [Unskilled]
   mace               [Unskilled]
   quarterstaff       [Basic]
   polearms           [Unskilled]
   spear              [Unskilled]
   trident            [Unskilled]
   sling              [Unskilled]
   dart               [Unskilled]
   shuriken           [Unskilled]
 Spellcasting Skills
   attack spells      [Basic]
   healing spells     [Unskilled]
   divination spells  [Unskilled]
   enchantment spells [Basic]
   clerical spells    [Unskilled]
   escape spells      [Unskilled]
   matter spells      [Unskilled]

Voluntary challenges:
 Character rerolling was not enabled.
 You were illiterate.
 You never genocided any monsters.
 You never polymorphed an object.
 You never changed form.
 You used no wishes.
Achievement:
 You entered the Gnomish Mines.

 The Dungeons of Doom: levels 1 to 4
    Level 1:
       An altar, a grave.
    Level 2:
       A fountain, a sink.
    Level 3:
       A sink, a grave.
       Stairs down to The Gnomish Mines.
    Level 4:
 The Gnomish Mines:
    Level 4: <- You were here.
       A grave.
       Final resting place for
          you, killed by a crossbow bolt,
          Nestorix-Tou-Hum-Fem-Neu, killed by a dwarf.


Vanquished creatures:
  a dwarf
 an iguana
 an acid blob
  3 giant rats
  3 gnomes
  4 jackals
  a fox
  2 goblins
  6 grid bugs
  6 lichens
  2 kobold zombies
  5 newts
35 creatures vanquished.

No species were genocided or became extinct.

Game over:
                       ----------
                      /          \
                     /    REST    \
                    /      IN      \
                   /     PEACE      \
                  /                  \
                  |    Atomicjoy     |
                  |      408 Au      |
                  |   killed by a    |
                  |  crossbow bolt   |
                  |                  |
                  |                  |
                  |       2026       |
                 *|     *  *  *      | *
        _________)/\\_//(\/(/\)/\//\/|_)_______

Goodbye Atomicjoy the Wizard...

You died in The Gnomish Mines on dungeon level 4 with 562 points,
and 408 pieces of gold, after 1833 moves.
You were level 1 with a maximum of 15 hit points when you died.

